 Dungeon Crawl Stone Soup version 0.29-a0-575-g0dc89cf053 (webtiles) character file.

Game seed: 14700291667661336471

208 xian the Gusty (level 5, -11/24 HPs)
             Began as a Vine Stalker Air Elementalist on June 13, 2022.
             Killed from afar by Ijyb (22 damage)
             ... with a bolt of acid
             ... on level 3 of the Dungeon.
             The game lasted 00:09:26 (3333 turns).

xian the Gusty (Vine Stalker Air Elementalist)      Turns: 3333, Time: 00:09:26

Health: -11/24     AC:  5    Str: 10    XL:     5   Next: 86%
Magic:  0/11       EV: 11    Int: 17    God:
Gold:   146        SH:  0    Dex: 15    Spells: 9/10 levels left

rFire   . . .      SeeInvis .   f - +2 dagger (venom)
rCold   . . .      Faith    .   (no shield)
rNeg    . . .      Spirit   +   c - +0 leather armour
rPois   .          Reflect  .   n - +0 helmet
rElec   .          Harm     .   (no cloak)
rCorr   .          Rampage  .   e - +0 pair of gloves
Will    .....                   (no boots)
Stlth   ++........              (no amulet)
HPRegen 0.88/turn               (no ring)
MPRegen 0.12/turn               (no ring)

@: no status effects
A: fangs 2, regeneration 1, magic shield, antimagic bite, no potion heal 2
a: no special abilities


You were on level 3 of the Dungeon.
You visited 1 branch of the dungeon, and saw 3 of its levels.

You collected 146 gold pieces.

Inventory:

Hand Weapons
 f - a +2 dagger of venom (weapon)
Armour
 c - a +0 leather armour (worn)
 e - a +0 pair of gloves (worn)
 n - a +0 helmet (worn)
Scrolls
 d - 2 scrolls of amnesia
 h - a scroll of enchant armour {unknown}
Potions
 a - a potion of might {unknown}
 b - a potion of magic
 g - a potion of mutation {unknown}
 i - a potion of attraction {unknown}
 j - 2 potions of lignification
 k - a potion of curing {unknown}
 l - 2 potions of flight {unknown}
 m - 2 potions of degeneration {unknown}


   Skills:
 + Level 0.1 Fighting
 + Level 1.7 Armour
 + Level 1.9 Dodging
 + Level 2.8 Stealth
 + Level 3.4 Spellcasting
 + Level 2.7 Conjurations
 + Level 3.9 Air Magic


You had 9 spell levels left.
You knew the following spells:

 Your Spells              Type           Power      Damage    Failure   Level
a - Shock                 Conj/Air       56%        1d6       5%          1

Your spell library contained the following spells:

 Spells                   Type           Power      Damage    Failure   Level
 Static Discharge         Conj/Air       14%        N/A       9%          2
 Swiftness                Air            16%        N/A       13%         3
 Airstrike                Air            8%         N/A       41%         4


Dungeon Overview and Level Annotations

Branches:
Dungeon (3/15)

Altars:

Annotations:
D:3 Ijyb


Innate Abilities, Weirdness & Mutations

You have extremely sharp teeth.
Your natural rate of healing is unusually fast.
When hurt, damage is shared between your health and your magic reserves.
Your bite disrupts and absorbs the magic of your enemies.
Potions cannot restore your health.


Message History

The zap hits the orc.
The orc is severely wounded.
The orc shouts!
The zap hits the orc.
You kill the orc!
Jessica the Apprentice Sorceress comes into view.
She is wielding a +0 club.
The zap hits Jessica but does no damage.
Jessica shouts!
Jessica gestures wildly while chanting.
Jessica seems to speed up.
You miscast Shock.
You are very lightly contaminated with residual magic.
Nothing appears to happen.
A goblin comes into view. It is wielding a +0 dagger.
The zap hits Jessica.
Jessica is heavily wounded.
The goblin shouts!
Jessica casts a spell.
Jessica blinks!
Unknown command.
The zap misses the goblin.
The zap hits the goblin.
The goblin is severely wounded.
The zap misses the goblin.
The zap hits the goblin.
You kill the goblin!
The zap hits Jessica.
You kill Jessica!
Ijyb screams, "No!
No, no, no, no!"
Ijyb zaps a wand.
The bolt of acid hits you!!
Ouch! That really hurt!
* * * LOW HITPOINT WARNING * * *
Your magical contamination has completely faded away.
Items here: ) รทรทรท.
There is a stone staircase leading up here.
Things that are here:
a +0 dagger; a +0 hunting sling; a goblin skeleton Ijyb zaps a wand.
The bolt of acid hits you!!
Ouch! That really hurt!
You die...

........##.......#
#..........#
......#.##.......#
##........##
...)..#.##.......#
##......##
......)).##.[...## #..#####
.......#).)...)<.## ##.##
.......#.#....)...####..#
.......#.#....).....##.####
.......#.......)....<.....#
......##..##...#@.........#
.....###..######..........#
..### ..... #)..#....###
..... ##.#........g.#
#..............#
#....g...)........
#.#...............
...#..).)........>.
....................


You could see Ijyb.

Vanquished Creatures
  An orc priest (D:3)
  Jessica (D:3)
  Terence (D:2)
  Robin (D:2)
  2 adders
  A worm (D:2)
  3 dart slugs
  8 orcs
  6 bats
  7 endoplasms
  3 giant cockroaches (D:1)
  10 goblins
  13 hobgoblins
  6 kobolds
  2 quokkas
  4 ball pythons (D:1)
  3 frilled lizards (D:2)
  4 rats
76 creatures vanquished.

Notes
Turn   | Place    | Note
-------+----------+-------------------------------------------
     0 | D:1      | xian the Vine Stalker Air Elementalist began the quest for
                  | the Orb.
     0 | D:1      | Reached XP level 1. HP: 9/9 MP: 4/4
   391 | D:1      | Reached XP level 2. HP: 12/13 MP: 0/6
  1009 | D:1      | Found a faded altar of an unknown god.
  1246 | D:1      | Reached XP level 3. HP: 16/16 MP: 1/7
  1878 | D:2      | Reached skill level 1 in Armour
  2198 | D:2      | Gained mutation: Your natural rate of healing is unusually
                  | fast. [Vine Stalker growth]
  2198 | D:2      | Reached XP level 4. HP: 20/21 MP: 3/8
  2516 | D:3      | Noticed Terence
  2528 | D:2      | Killed Terence
  2601 | D:3      | Reached XP level 5. HP: 24/24 MP: 0/10
  2824 | D:3      | Noticed Robin
  2974 | D:2      | Killed Robin
  3245 | D:3      | Noticed Ijyb
  3320 | D:3      | Noticed Jessica
  3328 | D:3      | Killed Jessica
  3333 | D:3      | Killed from afar by Ijyb

Illustrated notes

Levels and vault maps discovered:
D:1:      minmay_arrival_wavy_path, layout_basic, basic_ecumenical_altar
D:2:      layout_basic, minmay_quadrilaterals
D:3:      layout_rooms, uniq_ijyb, uniq_robin, uniq_terence, uniq_jessica

Skill      XL: |  1  2  3  4 |
---------------+-------------+-----
Armour         | 1 |  1.7
Spellcasting   | 3 |  3.4
Conjurations   | 2 |  2.7
Fighting       | |  0.1
Dodging        | |  1.9
Stealth        | |  2.8
Air Magic      | |  3.9

Action                   |  1- 3 |  4- 6 || total
-------------------------+-------+-------++-------
Melee: Dagger            |     9 |    18 ||    27
       Bite              |     5 |     7 ||    12
 Cast: Shock             |    90 |    68 ||   158
  Use: Scroll            |     4 |     3 ||     7
Armor: Leather armour    |    10 |    10 ||    20
Dodge: Dodged            |    23 |    39 ||    62

Table legend: (Time is in decaauts)
 A = Elapsed time spent in this place.
 B = Non-inter-level travel time spent in this place.
 C = Inter-level travel time spent in this place.
 D = Time resting spent in this place.
 E = Time spent auto-exploring this place.
 F = Levels seen in this place.
 G = Mean time per level.
                   A        B        C        D        E       F      G
               +--------+--------+--------+--------+--------+-----+--------+
         Total |   3337 |   3311 |     26 |    460 |   2210 |   3 | 1112.3 |
       Dungeon |   3337 |   3311 |     26 |    460 |   2210 |   3 | 1112.3 |
               +--------+--------+--------+--------+--------+-----+--------+

Top non-repeatable levels by time:
     D:1: 1567 daAuts
     D:2: 1395 daAuts
     D:3: 374 daAuts
